 Dungeon Crawl Stone Soup version 0.20.0-15-g7f486f2 (webtiles) character file.

100 ANON1729 the Conjurer (level 4, -6/36 HPs)
             Began as a Tengu Conjurer on June 28, 2017.
             Killed by divine providence
             ... invoked by an orc priest
              (9 damage)
             ... on level 3 of the Dungeon.
             The game lasted 00:09:42 (1720 turns).

ANON1729 the Conjurer (Tengu Conjurer)              Turns: 1720, Time: 00:09:43

Health: -6/36      AC: 22    Str:  8    XL:     4   Next: 74%
Magic:  0/8        EV:  2    Int: 16    God:
Gold:   98         SH:  0    Dex: 15    Spells: 4/7 levels left

rFire    + . .     SeeInvis .   l - +3 hand axe
rCold    + . .     Gourm    .   (no shield)
rNeg     + + +     Faith    .   (armour currently unavailable)
rPois    +         Spirit   .   (helmet currently unavailable)
rElec    +         Reflect  .   (cloak currently unavailable)
rCorr    +         Harm     .   (gloves currently unavailable)
MR       .....     NoTele   +   (boots unavailable)
Stlth    ++........             (no amulet)
Regen    0.2/turn               (no ring)
MPRegen  0.2/turn               (no ring)

@: tree-form (expiring), resistant, hasted, very quick
A: no striking features
a: no special abilities


You were on level 3 of the Dungeon.
You were not hungry.
You were a tree.
You visited 1 branch of the dungeon, and saw 3 of its levels.

You collected 98 gold pieces.

Inventory:

Hand Weapons
 l - a +3 hand axe (weapon)
Armour
 a - a +0 robe (melded)
 m - a scarf of repulsion (melded)
Scrolls
 d - 3 scrolls of amnesia {unknown}
 f - a scroll of remove curse {unknown}
 h - a scroll of enchant weapon {unknown}
 i - a scroll of enchant armour {unknown}
 n - a scroll of identify {unknown}
 o - a scroll of fog {unknown}
 q - a scroll of teleportation {unknown}
Potions
 e - a potion of lignification
Books
 b - a book of Conjurations

   Spells                             Type                      Level
   a - Magic Dart                     Conjuration                  1
   b - Searing Ray                    Conjuration                  2
   c - Dazzling Spray                 Conjuration/Hexes            3
   d - Fulminant Prism                Conjuration/Hexes            4
   e - Force Lance                    Conjuration/Translocation    4
   f - Iskenderun's Mystic Blast      Conjuration                  4
Comestibles
 c - 3 bread rations
 k - 3 fruits
 p - a meat ration
 r - a royal jelly


   Skills:
 + Level 2.7 Dodging
 + Level 2.2 Stealth
 + Level 2.3 Spellcasting
 + Level 7.2 Conjurations


You had 4 spell levels left.
You knew the following spells:

 Your Spells              Type           Power        Failure   Level  Hunger
a - Magic Dart            Conj           ###.         1%          1    #......
b - Searing Ray           Conj           ###...       1%          2    ###....


Dungeon Overview and Level Annotations

Branches:
Dungeon (3/15)

Altars:

Annotations:
D:2 Natasha


Innate Abilities, Weirdness & Mutations

((You have a beak for a mouth.))
((You have claws for feet.))


Message History

You hit the orc priest.
The orc priest is moderately wounded.
The orc priest hits you but does no damage.
You hit the orc priest.
The orc priest is moderately wounded.
Your transformation is almost over.
The orc priest barely misses you.
You closely miss the orc priest.
The orc priest is moderately wounded.
The orc priest hits you but does no damage.
You closely miss the orc priest.
The orc priest is moderately wounded.
You hit the orc priest.
The orc priest is heavily wounded.
The orc priest begins to cast a cantrip, but forgets the words!
You barely miss the orc priest.
The orc priest is heavily wounded.
The orc priest calls down the wrath of Beogh upon you.
Beogh smites you!
You die...

##.##
###..#.##.
#.#
#..#..#.
#.#
#..##.#.
########.#
#..# .#.
.........#
#..# .#.
.#######.#
.#. #.#
#.# #♣#
#o# #o#
#.†......
..#.#####
##..r.#
### ..#
.o#


o% You could see an orc priest and an orc.

Vanquished Creatures
  Natasha (D:2)
  2 gnolls (D:2)
  An adder (D:2)
  A worm (D:2)
  A dart slug (D:1)
  2 leopard geckos (D:1)
  An orc (D:3)
  8 bats
  4 giant cockroaches
  4 goblins
  3 hobgoblins
  4 kobolds (D:1)
  A quokka (D:3)
  2 frilled lizards
  4 rats
39 creatures vanquished.

Notes
Turn   | Place    | Note
-------+----------+-------------------------------------------
     0 | D:1      | ANON1729 the Tengu Conjurer began the quest for the Orb.
     0 | D:1      | Reached XP level 1. HP: 10/10 MP: 4/4
   215 | D:1      | Reached XP level 2. HP: 9/15 MP: 0/6
   420 | D:1      | Learned a level 2 spell: Searing Ray
   465 | D:1      | Reached skill level 6 in Conjurations
   828 | D:2      | Reached XP level 3. HP: 19/19 MP: 4/7
   852 | D:2      | Noticed Natasha
   879 | D:2      | Killed Natasha
  1054 | D:2      | Found a faded altar of an unknown god.
  1261 | D:2      | Reached XP level 4. HP: 24/24 MP: 5/8
  1408 | D:2      | Noticed Natasha
  1477 | D:2      | Reached skill level 7 in Conjurations
  1699 | D:3      | HP: 1/24 [orc priest/divine providence (11)]
  1720 | D:3      | Killed from afar by an orc priest

Skill      XL: |  1  2  3  4 |
---------------+-------------+-----
Conjurations   | 6 7 |  7.2
Dodging        | |  2.7
Stealth        | |  2.2
Spellcasting   | |  2.3

Action                   |  1- 3 |  4- 6 || total
-------------------------+-------+-------++-------
Melee: Hand axe          |       |    11 ||    11
 Cast: Magic Dart        |    42 |    29 ||    71
       Searing Ray       |     3 |     2 ||     5
  Use: Potion            |       |     3 ||     3
  Eat: Chunk             |     2 |     2 ||     4
Armor: Robe              |     4 |     2 ||     6
       Skin              |       |     8 ||     8
Dodge: Dodged            |     8 |     5 ||    13
